[Event "CZE-ch Youth G10-G12-G14 2022"]
[Site "Luhacovice"]
[Date "2022.03.15"]
[Round "5.41"]
[White "Lipovska Viktorie"]
[Black "Zilava Lucie"]
[Result "1-0"]
[ECO "C42"]
[WhiteElo "1189"]
[BlackElo "1059"]
[Annotator "NA"]
[PlyCount "117"]
[EventDate "2022.03.12"]
[EventType "swiss"]
[EventCountry "CZE"]
[SourceTitle "playchess.com"]
[Source "ChessBase"]
[SourceQuality "1"]
[TimeControl "40/5400+30:1800+30"]

1. e4 e5 2. Nf3 Nf6 3. Nxe5 d6 4. Nf3 Nxe4 5. d3 Nf6 6. Nc3 Nc6 7. Qe2+ Qe7 8. Bg5 Qxe2+ 9. Bxe2 Bg4 10. Bxf6 gxf6 11. O-O O-O-O 12. Nd5 Be7 13. b4 a6 14. c4 f5 15. b5 axb5 16. cxb5 Ne5 17. Nxe5 Rde8 18. Bxg4 fxg4 19. Nxg4 Bg5 20. f4 Bd8 21. a4 h5 22. Ngf6 Re2 23. Rf2 Rxf2 24. Kxf2 c6 25. Rc1 Rh6 26. Ne8 Kd7 27. bxc6+ bxc6 28. Nb4 c5 29. Nxd6 cxb4 30. Nxf7 Bb6+ 31. Kf3 Rf6 32. Ne5+ Kd8 33. Nc6+ Ke8 34. Nxb4 Rf7 35. Rc6 Rf5 36. Rc4 Kd7 37. d4 Ba5 38. Nc6 Bc7 39. Ne5+ Kc8 40. a5 Kb8 41. a6 Bd6 42. Ra4 Ka8 43. Ke4 Rf8 44. h3 h4 45. Kf3 Rf6 46. Kg4 Rf8 47. f5 Bc7 48. Rc4 Bb8 49. d5 Bxe5 50. Rc6 Rg8+ 51. Rg6 Rd8 52. f6 Rxd5 53. f7 Rd4+ 54. Kf5 Bd6 55. Rxd6 Rxd6 56. f8=Q+ Ka7 57. Qxd6 Ka8 58. Qc6+ Ka7 59. Qb7# 1-0

[Event "CZE-ch Youth G10-G12-G14 2022"]
[Site "Luhacovice"]
[Date "2022.03.15"]
[Round "5.42"]
[White "Koval, Anna"]
[Black "Dufkova, Tereza"]
[Result "1-0"]
[ECO "C54"]
[WhiteElo "1278"]
[BlackElo "1014"]
[Annotator "NA"]
[PlyCount "47"]
[EventDate "2022.03.12"]
[EventType "swiss"]
[EventCountry "CZE"]
[SourceTitle "playchess.com"]
[Source "ChessBase"]
[SourceQuality "1"]
[TimeControl "40/5400+30:1800+30"]

1. e4 e5 2. Nf3 Nc6 3. Bc4 Bc5 4. c3 Nf6 5. d4 exd4 6. cxd4 Bb4+ 7. Nc3 O-O 8. Bg5 h6 9. Bh4 g5 10. Nxg5 hxg5 11. Bxg5 d6 12. O-O Be6 13. d5 Bg4 14. Be2 Bxe2 15. Qxe2 Ne5 16. f4 Ng6 17. e5 Bc5+ 18. Kh1 Re8 19. Bxf6 Qd7 20. f5 dxe5 21. fxg6 Be7 22. gxf7+ Kxf7 23. Qh5+ Kf8 24. Qh8+ 1-0

[Event "CZE-ch Youth G10-G12-G14 2022"]
[Site "Luhacovice"]
[Date "2022.03.15"]
[Round "5.43"]
[White "Urvalkova Ema"]
[Black "Svrchokrylova, Ludmila"]
[Result "0-1"]
[ECO "C55"]
[WhiteElo "1000"]
[BlackElo "1024"]
[Annotator "NA"]
[PlyCount "72"]
[EventDate "2022.03.12"]
[EventType "swiss"]
[EventCountry "CZE"]
[SourceTitle "playchess.com"]
[Source "ChessBase"]
[SourceQuality "1"]
[TimeControl "40/5400+30:1800+30"]

1. e4 e5 2. Nf3 Nf6 3. Nc3 Bb4 4. Bc4 Nc6 5. O-O d6 6. a3 Bc5 7. Na4 Bg4 8. Nxc5 dxc5 9. d3 Qd7 10. h3 Bh5 11. Bg5 O-O-O 12. Bb5 h6 13. Bh4 g5 14. Bg3 g4 15. Bxc6 Qxc6 16. Nxe5 Qe6 17. b4 gxh3 18. Qc1 hxg2 19. Kxg2 Rdg8 20. Qe3 Qxe5 21. bxc5 Qg5 22. Qxg5 Rxg5 23. Rfe1 Rxc5 24. e5 Nd7 25. e6 fxe6 26. Rxe6 Rxc2 27. Rae1 b6 28. d4 Rd2 29. R1e4 Rd3 30. Rc6 Bf3+ 31. Kh3 Bxe4 32. Rxc7+ Kd8 33. Rxa7 h5 34. Ra8+ Bxa8 35. Kh4 Rxd4+ 36. Kh3 h4 0-1

[Event "CZE-ch Youth G10-G12-G14 2022"]
[Site "Luhacovice"]
[Date "2022.03.16"]
[Round "6.1"]
[White "Janouskova, Eliska"]
[Black "Kusova, Nikola"]
[Result "0-1"]
[ECO "C42"]
[WhiteElo "1167"]
[BlackElo "1227"]
[Annotator "NA"]
[PlyCount "120"]
[EventDate "2022.03.12"]
[EventType "swiss"]
[EventCountry "CZE"]
[SourceTitle "playchess.com"]
[Source "ChessBase"]
[SourceQuality "1"]
[TimeControl "40/5400+30:1800+30"]

1. e4 e5 2. Nf3 Nf6 3. Nc3 Bb4 4. Nxe5 O-O 5. Nf3 Bxc3 6. bxc3 Nxe4 7. Be2 d6 8. O-O Nc6 9. Bb2 Re8 10. d3 Nf6 11. c4 Bg4 12. h3 Bh5 13. Re1 Qe7 14. Qd2 Nd7 15. Bd1 Qd8 16. Rxe8+ Qxe8 17. Qc3 Nf6 18. Ng5 Bxd1 19. Rxd1 Qe5 20. Qxe5 Nxe5 21. Re1 Re8 22. Ne4 Nxe4 23. Rxe4 Kf8 24. c5 Nd7 25. cxd6 Rxe4 26. dxe4 cxd6 27. Ba3 Ke7 28. f4 Ke6 29. Kf2 d5 30. exd5+ Kxd5 31. Bb2 f6 32. g3 Ke4 33. Ke2 Nb6 34. c3 Nc4 35. Bc1 f5 36. g4 g6 37. gxf5 gxf5 38. h4 h5 39. a3 a6 40. a4 a5 41. Kd1 Kd3 42. Ke1 Kc2 43. Kf1 Kxc1 44. Ke1 Kc2 45. Ke2 Kxc3 46. Kd1 Kb2 47. Ke2 b5 48. axb5 a4 49. Kd3 Kb3 50. b6 Nxb6 51. Kd2 Kb2 52. Kd3 a3 53. Kd2 a2 54. Ke1 a1=Q+ 55. Kd2 Qa3 56. Kd1 Qd3+ 57. Ke1 Qc2 58. Kf1 Qd2 59. Kg1 Qe2 60. Kh1 Nd5 0-1

[Event "CZE-ch Youth G10-G12-G14 2022"]
[Site "Luhacovice"]
[Date "2022.03.16"]
[Round "6.2"]
[White "Lackova, Lucie"]
[Black "Vancakova, Veronika"]
[Result "1-0"]
[ECO "C42"]
[WhiteElo "1142"]
[BlackElo "1300"]
[Annotator "NA"]
[PlyCount "101"]
[EventDate "2022.03.12"]
[EventType "swiss"]
[EventCountry "CZE"]
[SourceTitle "playchess.com"]
[Source "ChessBase"]
[SourceQuality "1"]
[TimeControl "40/5400+30:1800+30"]

1. e4 e5 2. Nf3 Nf6 3. Nxe5 d6 4. Nf3 Nxe4 5. Nc3 Nxc3 6. bxc3 Be7 7. d4 d5 8. Bd3 Be6 9. O-O Nd7 10. Rb1 Nb6 11. Ne5 c6 12. f4 h5 13. f5 Bc8 14. h3 Nd7 15. Qe2 Nf6 16. Bg5 Kf8 17. Qd1 Ng8 18. Bf4 Bd6 19. c4 Nf6 20. Bg5 Be7 21. Qd2 Kg8 22. Rbe1 Kf8 23. Qe2 Ng8 24. Bf4 Bb4 25. Rd1 Be7 26. cxd5 cxd5 27. c4 Nf6 28. cxd5 Nxd5 29. Bc4 b6 30. Qe4 Bb7 31. Qe1 Rc8 32. Bb3 Bf6 33. Rd3 Ba6 34. Qd1 Bxd3 35. Nxd3 Bxd4+ 36. Kh1 Nxf4 37. Nxf4 Be5 38. Ng6+ fxg6 39. fxg6+ Bf6 40. Qe2 Qe7 41. Qd3 Rd8 42. Qc4 Re8 43. Rd1 h4 44. Kh2 Qe5+ 45. Kh1 Qe7 46. Ba4 Qe6 47. Qb4+ Qe7 48. Qc4 Qe6 49. Qb4+ Qe7 50. Re1 Qxb4 51. Rxe8# 1-0

[Event "CZE-ch Youth G10-G12-G14 2022"]
[Site "Luhacovice"]
[Date "2022.03.16"]
[Round "6.3"]
[White "Romanko Diana"]
[Black "Stepankova Linda"]
[Result "1/2-1/2"]
[ECO "B12"]
[WhiteElo "1000"]
[BlackElo "1000"]
[Annotator "NA"]
[PlyCount "71"]
[EventDate "2022.03.12"]
[EventType "swiss"]
[EventCountry "CZE"]
[SourceTitle "playchess.com"]
[Source "ChessBase"]
[SourceQuality "1"]
[TimeControl "40/5400+30:1800+30"]

1. e4 c6 2. d4 d5 3. e5 Bf5 4. Nf3 e6 5. Bd2 c5 6. Be2 a6 7. c3 c4 8. O-O Ne7 9. b3 b5 10. a4 Nbc6 11. Na3 Ng6 12. axb5 Bxa3 13. bxc6 Be7 14. bxc4 O-O 15. cxd5 Qxd5 16. Rxa6 Rxa6 17. Bxa6 Qxc6 18. Be2 f6 19. Qb3 fxe5 20. Nxe5 Nxe5 21. dxe5 Qe4 22. Bf3 Qxe5 23. Re1 Qd6 24. Rd1 Qa3 25. Qxa3 Bxa3 26. Bc1 Bxc1 27. Rxc1 Bh3 28. c4 Bf5 29. g4 Bd3 30. Bb7 Rb8 31. Ba6 Rb6 32. Bc8 Rc6 33. Bd7 Rd6 34. Bc8 Rc6 35. Bd7 Rd6 36. Bc8 1/2-1/2

[Event "CZE-ch Youth G10-G12-G14 2022"]
[Site "Luhacovice"]
[Date "2022.03.16"]
[Round "6.4"]
[White "Lickova, Anna"]
[Black "Silhankova Simona"]
[Result "0-1"]
[ECO "C50"]
[WhiteElo "1016"]
[BlackElo "1000"]
[Annotator "NA"]
[PlyCount "32"]
[EventDate "2022.03.12"]
[EventType "swiss"]
[EventCountry "CZE"]
[SourceTitle "playchess.com"]
[Source "ChessBase"]
[SourceQuality "1"]
[TimeControl "40/5400+30:1800+30"]

1. e4 e5 2. Nf3 Nc6 3. Bc4 Nf6 4. d3 Bc5 5. Nc3 d6 6. Qe2 Be6 7. Bxe6 fxe6 8. Be3 Bb6 9. O-O Ng4 10. Bxb6 axb6 11. h3 h5 12. hxg4 hxg4 13. Rfc1 gxf3 14. Qxf3 Nd4 15. Qg4 Qe7 16. Kf1 Rh1# 0-1

[Event "CZE-ch Youth G10-G12-G14 2022"]
[Site "Luhacovice"]
[Date "2022.03.16"]
[Round "6.5"]
[White "Vanickova Natalie"]
[Black "Hujova Tess"]
[Result "1-0"]
[ECO "B15"]
[WhiteElo "1000"]
[BlackElo "1000"]
[Annotator "NA"]
[PlyCount "69"]
[EventDate "2022.03.12"]
[EventType "swiss"]
[EventCountry "CZE"]
[SourceTitle "playchess.com"]
[Source "ChessBase"]
[SourceQuality "1"]
[TimeControl "40/5400+30:1800+30"]

1. e4 c6 2. d4 d5 3. f3 g6 4. Nc3 Bg7 5. Be3 e6 6. Qd2 Ne7 7. O-O-O O-O 8. Bd3 f5 9. e5 Qc7 10. Bh6 a6 11. g4 c5 12. Bxg7 Kxg7 13. gxf5 cxd4 14. f6+ Kf7 15. fxe7 Kxe7 16. Qg5+ Ke8 17. Nce2 Qa5 18. a3 Nc6 19. Bxg6+ hxg6 20. Qxg6+ Rf7 21. Nh3 Nxe5 22. Qg8+ Rf8 23. Qg5 Nxf3 24. Qh5+ Ke7 25. Nhf4 d3 26. Ng6+ Kd8 27. Nxf8 dxe2 28. Qxf3 exd1=Q+ 29. Rxd1 Qb6 30. Qf6+ Ke8 31. Ng6 Qd6 32. Qh8+ Kf7 33. Ne5+ Ke7 34. Rf1 Qb6 35. Qf8# 1-0

[Event "CZE-ch Youth G10-G12-G14 2022"]
[Site "Luhacovice"]
[Date "2022.03.16"]
[Round "6.6"]
[White "Melicharova Veronika"]
[Black "Jenikova Sabina"]
[Result "0-1"]
[ECO "C30"]
[WhiteElo "1000"]
[BlackElo "1076"]
[Annotator "NA"]
[PlyCount "106"]
[EventDate "2022.03.12"]
[EventType "swiss"]
[EventCountry "CZE"]
[SourceTitle "playchess.com"]
[Source "ChessBase"]
[SourceQuality "1"]
[TimeControl "40/5400+30:1800+30"]

1. e4 e5 2. f4 d6 3. Nf3 Nc6 4. Bb5 Bd7 5. Bxc6 Bxc6 6. Nc3 Nf6 7. d3 g6 8. O-O Bh6 9. fxe5 Bxc1 10. Rxc1 Ng4 11. Qe2 Nxe5 12. Nxe5 dxe5 13. Qf2 O-O 14. Rcd1 Qe7 15. d4 Qb4 16. Rb1 exd4 17. a3 Qc5 18. Rbd1 Rad8 19. Ne2 Qxc2 20. Nxd4 Qxf2+ 21. Rxf2 Bxe4 22. Rfd2 Rd7 23. Nb5 Rxd2 24. Rxd2 a6 25. Nxc7 Rc8 26. Re2 Bc6 27. Re7 Kf8 28. Re3 Rxc7 29. Rh3 Kg7 30. g4 Bd7 31. Rc3 Rxc3 32. bxc3 Bxg4 33. a4 f5 34. Kg2 Kf6 35. h3 Bxh3+ 36. Kxh3 Kg5 37. Kg3 h5 38. a5 f4+ 39. Kf3 h4 40. Kg2 Kg4 41. c4 h3+ 42. Kh2 f3 43. Kg1 Kg3 44. c5 f2+ 45. Kf1 h2 46. Ke2 h1=Q 47. Kd3 Qd5+ 48. Ke3 Qc4 49. Kd2 Qb3 50. Ke2 Kf4 51. Kxf2 Qc2+ 52. Kg1 Kg3 53. Kf1 Qf2# 0-1

[Event "CZE-ch Youth G10-G12-G14 2022"]
[Site "Luhacovice"]
[Date "2022.03.16"]
[Round "6.7"]
[White "Rudova Jana"]
[Black "Koutna Simona"]
[Result "0-1"]
[ECO "B20"]
[WhiteElo "1000"]
[BlackElo "1000"]
[Annotator "NA"]
[PlyCount "54"]
[EventDate "2022.03.12"]
[EventType "swiss"]
[EventCountry "CZE"]
[SourceTitle "playchess.com"]
[Source "ChessBase"]
[SourceQuality "1"]
[TimeControl "40/5400+30:1800+30"]

1. e4 c5 2. b3 Nf6 3. e5 Nd5 4. Bb2 e6 5. Ne2 Be7 6. g3 O-O 7. Bg2 Nc6 8. O-O d6 9. d4 cxd4 10. Nxd4 dxe5 11. Nxc6 bxc6 12. Bxe5 Ba6 13. Re1 Nb4 14. a3 Nd5 15. Qg4 Bf6 16. Bxf6 Qxf6 17. Be4 Qxa1 18. Qh4 g6 19. Qh6 Nc3 20. Bxc6 Rad8 21. Qc1 Rd6 22. Bf3 Nxb1 23. Qxb1 Qxb1 24. Rxb1 Rd2 25. Rd1 Rxd1+ 26. Bxd1 Rd8 27. Be2 Bxe2 0-1

[Event "CZE-ch Youth G10-G12-G14 2022"]
[Site "Luhacovice"]
[Date "2022.03.16"]
[Round "6.8"]
[White "Ramseier, Jana S."]
[Black "Mazurkova Viktorie"]
[Result "0-1"]
[ECO "C25"]
[WhiteElo "2090"]
[BlackElo "1000"]
[Annotator "ChessBase"]
[PlyCount "88"]
[EventDate "2022.03.12"]
[EventType "swiss"]
[EventCountry "CZE"]
[SourceTitle "playchess.com"]
[Source "ChessBase"]
[SourceQuality "1"]
[TimeControl "40/5400+30:1800+30"]

1. e4 e5 2. Nc3 Nc6 3. d4 exd4 4. Nd5 d6 5. Nf3 Bg4 6. Be2 Bxf3 7. Bxf3 Nf6 8. Qe2 Be7 9. Bg5 Nxd5 10. exd5 Ne5 11. O-O Nxf3+ 12. Qxf3 Bxg5 13. Rae1+ Be7 14. Qh3 O-O 15. Rd1 Bf6 16. Qb3 b6 17. c3 dxc3 18. bxc3 Re8 19. Rfe1 Re7 20. a4 Qe8 21. g3 Rxe1+ 22. Rxe1 Qxe1+ 23. Kg2 Bxc3 24. Qc2 Bd4 25. a5 bxa5 26. Qxc7 Qxf2+ 27. Kh3 a4 28. Qxd6 Qf6 29. Qf4 Qxf4 30. gxf4 a3 31. Kg4 a2 32. f5 a1=Q 33. Kf4 Qe1 34. f6 Bxf6 35. d6 Be5+ 36. Kg4 Bxd6 37. h3 Re8 38. Kh5 Re6 39. h4 Qa5+ 40. Kg4 Re4+ 41. Kf3 Rb4 42. Ke3 Qa3+ 43. Kd2 Rb2+ 44. Kc1 Qa1# 0-1

[Event "CZE-ch Youth G10-G12-G14 2022"]
[Site "Luhacovice"]
[Date "2022.03.16"]
[Round "6.9"]
[White "Vlckova Linda"]
[Black "Tarielasvili Kira"]
[Result "0-1"]
[ECO "D30"]
[WhiteElo "1000"]
[BlackElo "1000"]
[Annotator "NA"]
[PlyCount "42"]
[EventDate "2022.03.12"]
[EventType "swiss"]
[EventCountry "CZE"]
[SourceTitle "playchess.com"]
[Source "ChessBase"]
[SourceQuality "1"]
[TimeControl "40/5400+30:1800+30"]

1. d4 d5 2. c4 e6 3. cxd5 exd5 4. Nc3 Nc6 5. Nf3 Bb4 6. Bd2 Nf6 7. e3 O-O 8. Bd3 Bg4 9. Be2 Re8 10. O-O Bxc3 11. Bxc3 Ne4 12. Qd3 Nxc3 13. Qxc3 Ne7 14. Qd3 b6 15. Ng5 Bf5 16. Qd2 Ng6 17. Nf3 c5 18. Bb5 Re7 19. Bc6 Rd7 20. Ng5 Rc7 21. e4 Bg4 0-1

[Event "CZE-ch Youth G10-G12-G14 2022"]
[Site "Luhacovice"]
[Date "2022.03.16"]
[Round "6.10"]
[White "Zadrapova Gabriela"]
[Black "Kubalova Nikol"]
[Result "1-0"]
[ECO "C01"]
[WhiteElo "1000"]
[BlackElo "1000"]
[Annotator "NA"]
[PlyCount "93"]
[EventDate "2022.03.12"]
[EventType "swiss"]
[EventCountry "CZE"]
[SourceTitle "playchess.com"]
[Source "ChessBase"]
[SourceQuality "1"]
[TimeControl "40/5400+30:1800+30"]

1. e4 e6 2. d4 Bd6 3. Nf3 Nf6 4. Nc3 Bb4 5. Bd2 Bxc3 6. Bxc3 Nxe4 7. Qe2 d5 8. Ne5 O-O 9. Bb4 Re8 10. Qf3 c6 11. Qxf7+ Kh8 12. Qh5 Nf6 13. Qf3 Na6 14. Nf7+ Kg8 15. Nxd8 Rxd8 16. Be7 Re8 17. Bxf6 gxf6 18. Qxf6 Bd7 19. Bd3 Nb4 20. O-O Nxd3 21. cxd3 Rad8 22. Rfe1 Rf8 23. Qg5+ Kh8 24. Re5 Rc8 25. Re3 c5 26. dxc5 Rxc5 27. Rh3 Rfc8 28. Qh6 Rc1+ 29. Rxc1 Rxc1+ 30. Qxc1 e5 31. Qc8+ Bxc8 32. Re3 e4 33. dxe4 dxe4 34. Rxe4 Bf5 35. Rf4 Bd3 36. g4 b6 37. h3 a6 38. Rf8+ Kg7 39. Rd8 Bg6 40. Kg2 Be4+ 41. f3 Bd5 42. h4 Kg6 43. h5+ Kg7 44. g5 a5 45. h6+ Kg6 46. Kg3 Kh5 47. f4 1-0

[Event "CZE-ch Youth G10-G12-G14 2022"]
[Site "Luhacovice"]
[Date "2022.03.16"]
[Round "6.11"]
[White "Martikanova Amalie"]
[Black "Topencikova Ellen"]
[Result "1-0"]
[ECO "B13"]
[WhiteElo "1245"]
[BlackElo "1000"]
[Annotator "NA"]
[PlyCount "59"]
[EventDate "2022.03.12"]
[EventType "swiss"]
[EventCountry "CZE"]
[SourceTitle "playchess.com"]
[Source "ChessBase"]
[SourceQuality "1"]
[TimeControl "40/5400+30:1800+30"]

1. e4 c6 2. d4 d5 3. exd5 cxd5 4. Bd3 Nf6 5. Bf4 Bg4 6. f3 Bh5 7. Nc3 e6 8. Qd2 Bd6 9. Bg5 O-O 10. O-O-O h6 11. Be3 e5 12. h4 exd4 13. Bxd4 Nc6 14. Bxf6 Qxf6 15. g4 d4 16. g5 Qe7 17. Ne4 Nb4 18. Kb1 Nxd3 19. Qxd3 hxg5 20. hxg5 Bg6 21. Qf1 Rfd8 22. Qh3 f6 23. gxf6 gxf6 24. Qg4 Kf7 25. Rh6 Bxe4 26. fxe4 Qc7 27. Rh7+ Ke8 28. Qg6+ Kf8 29. Qxf6+ Kg8 30. Qh8# 1-0

[Event "CZE-ch Youth G10-G12-G14 2022"]
[Site "Luhacovice"]
[Date "2022.03.16"]
[Round "6.12"]
[White "Buchtova, Viktorie"]
[Black "Kozusnikova, Daniela"]
[Result "1/2-1/2"]
[ECO "C42"]
[WhiteElo "1464"]
[BlackElo "1364"]
[Annotator "NA"]
[PlyCount "63"]
[EventDate "2022.03.12"]
[EventType "swiss"]
[EventCountry "CZE"]
[SourceTitle "playchess.com"]
[Source "ChessBase"]
[SourceQuality "1"]
[TimeControl "40/5400+30:1800+30"]

1. e4 e5 2. Nf3 Nf6 3. Nxe5 d6 4. Nf3 Nxe4 5. c4 Be7 6. d3 Nf6 7. d4 O-O 8. Be3 Bf5 9. Nc3 h6 10. Ne2 d5 11. c5 Re8 12. Ng3 Bh7 13. Ne5 Bxc5 14. dxc5 Rxe5 15. Be2 c6 16. O-O Nbd7 17. Rc1 Ne4 18. Qb3 Qc8 19. Rfd1 Re7 20. Bg4 Qc7 21. Nf5 Bxf5 22. Bxf5 Rae8 23. g3 Ng5 24. Bf4 Qc8 25. Bd6 Re2 26. f4 R8e3 27. Rc3 Nf3+ 28. Kf1 Nxh2+ 29. Kg1 Nf3+ 30. Kf1 Nh2+ 31. Kg1 Nf3+ 32. Kf1 1/2-1/2

[Event "CZE-ch Youth G10-G12-G14 2022"]
[Site "Luhacovice"]
[Date "2022.03.16"]
[Round "6.13"]
[White "Stara, Zuzana"]
[Black "Kammova, Katerina"]
[Result "1/2-1/2"]
[ECO "B13"]
[WhiteElo "1322"]
[BlackElo "1376"]
[Annotator "NA"]
[PlyCount "65"]
[EventDate "2022.03.12"]
[EventType "swiss"]
[EventCountry "CZE"]
[SourceTitle "playchess.com"]
[Source "ChessBase"]
[SourceQuality "1"]
[TimeControl "40/5400+30:1800+30"]

1. e4 c6 2. d4 d5 3. exd5 cxd5 4. Nf3 Nf6 5. Bg5 Bf5 6. Be2 e6 7. Nc3 Nc6 8. a3 a6 9. O-O Bd6 10. Qd2 h6 11. Bh4 O-O 12. Rfe1 Rc8 13. Bd3 Bxd3 14. Qxd3 Be7 15. Rad1 Na5 16. Ne5 Nd7 17. Bxe7 Qxe7 18. Ng4 Qg5 19. Ne5 Qd8 20. Ng4 Qg5 21. Ne5 Nxe5 22. Rxe5 Qd8 23. b3 Qc7 24. Re3 Rfd8 25. Rg3 Qf4 26. Rf3 Qg5 27. Rg3 Qf4 28. Rf3 Qg5 29. Rg3 Qf4 30. Ne2 Qe4 31. Qxe4 dxe4 32. Rc3 Kf8 33. Kf1 1/2-1/2

[Event "CZE-ch Youth G10-G12-G14 2022"]
[Site "Luhacovice"]
[Date "2022.03.16"]
[Round "6.14"]
[White "Martinkova Klara"]
[Black "Horkova, Tereza"]
[Result "1-0"]
[ECO "B40"]
[WhiteElo "1177"]
[BlackElo "1375"]
[Annotator "NA"]
[PlyCount "87"]
[EventDate "2022.03.12"]
[EventType "swiss"]
[EventCountry "CZE"]
[SourceTitle "playchess.com"]
[Source "ChessBase"]
[SourceQuality "1"]
[TimeControl "40/5400+30:1800+30"]

1. e4 c5 2. Nf3 e6 3. d4 cxd4 4. Nxd4 Nf6 5. Bd3 Nc6 6. Nxc6 bxc6 7. Nd2 d5 8. e5 Nd7 9. Qe2 Qc7 10. Nf3 Be7 11. O-O Nc5 12. Rd1 Nxd3 13. Rxd3 Ba6 14. Bf4 Bxd3 15. Qxd3 h6 16. Rd1 O-O 17. Qe3 Qb6 18. Qc3 Rab8 19. b3 Bb4 20. Qd3 Rfc8 21. c3 Bf8 22. Nh4 g5 23. Qg3 Kh8 24. Bxg5 hxg5 25. Qxg5 Qd8 26. Qh5+ Kg8 27. Rd3 Bg7 28. Rg3 Rc7 29. Qh6 Qf8 30. f4 f5 31. exf6 Rbb7 32. fxg7 Rxg7 33. Qxe6+ Qf7 34. Rxg7+ Kxg7 35. Nf5+ Kh8 36. Qh6+ Kg8 37. Qxc6 Rb6 38. Nh6+ Kg7 39. Qxb6 Qe8 40. Nf5+ Kg8 41. Qf2 Qe4 42. Qg3+ Kf8 43. Qg7+ Ke8 44. Nd6+ 1-0

[Event "CZE-ch Youth G10-G12-G14 2022"]
[Site "Luhacovice"]
[Date "2022.03.16"]
[Round "6.15"]
[White "Bartova Hana"]
[Black "Slivova, Linda"]
[Result "0-1"]
[ECO "B12"]
[WhiteElo "1000"]
[BlackElo "1298"]
[Annotator "NA"]
[PlyCount "106"]
[EventDate "2022.03.12"]
[EventType "swiss"]
[EventCountry "CZE"]
[SourceTitle "playchess.com"]
[Source "ChessBase"]
[SourceQuality "1"]
[TimeControl "40/5400+30:1800+30"]

1. e4 c6 2. d4 d5 3. e5 Bf5 4. f4 e6 5. Nf3 Nd7 6. Be2 c5 7. c3 a6 8. O-O Ne7 9. Be3 Nc6 10. Nbd2 Be7 11. b3 O-O 12. c4 Nb4 13. Ne1 cxd4 14. Bxd4 Rc8 15. Bc3 Bc5+ 16. Kh1 h6 17. a3 Nc6 18. Bd3 Bxd3 19. Nxd3 Ba7 20. Qg4 Ne7 21. Qh4 Nf5 22. Qxd8 Rfxd8 23. g4 Ne7 24. f5 dxc4 25. Nxc4 b5 26. Ba5 bxc4 27. Bxd8 Rxd8 28. bxc4 Nc6 29. Rad1 Ndxe5 30. Nxe5 Rxd1 31. Rxd1 Nxe5 32. fxe6 fxe6 33. Rc1 Bc5 34. Rc3 Nxg4 35. h3 Ne5 36. a4 Kf7 37. Kg2 Kf6 38. Kg3 Kf5 39. Kg2 Ke4 40. Kf1 Kd4 41. Rg3 g5 42. Ke2 Kxc4 43. Kd2 Kb4 44. Rc3 h5 45. Kc2 g4 46. hxg4 hxg4 47. Rg3 Bf2 48. Rg2 g3 49. Kd2 Kxa4 50. Ke2 Kb3 51. Rxf2 gxf2 52. Kxf2 a5 53. Ke2 a4 0-1

[Event "CZE-ch Youth G10-G12-G14 2022"]
[Site "Luhacovice"]
[Date "2022.03.16"]
[Round "6.16"]
[White "Barteckova, Nikol"]
[Black "Hladka, Leontyna"]
[Result "1/2-1/2"]
[ECO "C29"]
[WhiteElo "1140"]
[BlackElo "1134"]
[Annotator "NA"]
[PlyCount "152"]
[EventDate "2022.03.12"]
[EventType "swiss"]
[EventCountry "CZE"]
[SourceTitle "playchess.com"]
[Source "ChessBase"]
[SourceQuality "1"]
[TimeControl "40/5400+30:1800+30"]

1. e4 e5 2. Nc3 Nf6 3. f4 d5 4. fxe5 Nxe4 5. Nf3 Bc5 6. d4 Bb4 7. Bd2 c5 8. Qe2 Nxc3 9. bxc3 Ba3 10. Rb1 c4 11. Qf2 Be7 12. Be2 b6 13. a4 Bf5 14. Rb2 Bg6 15. O-O O-O 16. Kh1 Nc6 17. Qg3 Rb8 18. Ng5 h6 19. Nf3 Rc8 20. h4 Qd7 21. h5 Bxh5 22. Bxh6 Bg6 23. Bd2 Nd8 24. Ra2 Ne6 25. Kh2 Rfd8 26. Rh1 Nf8 27. Kg1 Nh7 28. Nh4 Bxh4 29. Qxh4 Qf5 30. Bg4 Qe4 31. Bxc8 Qxh4 32. Rxh4 Rxc8 33. Kf2 Kf8 34. Bc1 Ke7 35. Ba3+ Ke6 36. Bd6 Kf5 37. g3 Ng5 38. g4+ Kf4 39. e6+ Ke4 40. e7 f5 41. gxf5+ Kxf5 42. Rf4+ Ke6 43. Rf8 Re8 44. Bb4 a5 45. Ba3 Ne4+ 46. Kf3 Nxc3 47. Ra1 Nxa4 48. Re1+ Kd7 49. Rg1 Bh5+ 50. Ke3 b5 51. Rxg7 b4 52. Bc1 Nb6 53. Bb2 Rxe7+ 54. Rxe7+ Kxe7 55. Rf1 Na4 56. Ba1 Bg6 57. Kd2 c3+ 58. Kc1 Be4 59. Rg1 Kd6 60. Rg7 Kc6 61. Ra7 Kb6 62. Re7 Kb5 63. Rf7 Kc4 64. Ra7 Kb5 65. Kb1 Kb6 66. Rf7 Kb5 67. Rc7 Kb6 68. Rc8 Ka6 69. Rb8 Ka7 70. Kc1 Ka6 71. Kd1 Ka7 72. Rb5 Ka6 73. Rb8 Ka7 74. Rf8 Kb6 75. Rc8 Kb5 76. Rc7 Kb6 1/2-1/2

[Event "CZE-ch Youth G10-G12-G14 2022"]
[Site "Luhacovice"]
[Date "2022.03.16"]
[Round "6.17"]
[White "Markina, Sofiia"]
[Black "Sochorova Valentyna"]
[Result "1-0"]
[ECO "B01"]
[WhiteElo "1367"]
[BlackElo "1201"]
[Annotator "NA"]
[PlyCount "77"]
[EventDate "2022.03.12"]
[EventType "swiss"]
[EventCountry "CZE"]
[SourceTitle "playchess.com"]
[Source "ChessBase"]
[SourceQuality "1"]
[TimeControl "40/5400+30:1800+30"]

1. e4 d5 2. exd5 Nf6 3. Nf3 Nxd5 4. d4 Bg4 5. c4 Nb6 6. c5 Nd5 7. Qb3 b6 8. Ne5 Be6 9. Bb5+ c6 10. Nxc6 Qc7 11. Nxb8+ Kd8 12. Nc6+ Kc8 13. Ba6+ Kd7 14. Qb5 Ke8 15. Ne5+ Bd7 16. Nxd7 Qxd7 17. Qxd7+ Kxd7 18. Bb7 Rd8 19. Bxd5 Kc8 20. Nc3 e6 21. Bg5 Re8 22. Bc6 f6 23. Bxe8 fxg5 24. c6 Bb4 25. Bd7+ Kc7 26. a3 Bxc3+ 27. bxc3 b5 28. a4 Rb8 29. axb5 Rxb5 30. Rxa7+ Kd6 31. Kd2 Rf5 32. f3 Rf8 33. Re1 Rf6 34. c4 Ke7 35. Bxe6+ Kd6 36. Bd7 Rf7 37. c5+ Kd5 38. Kd3 g6 39. Re5# 1-0

[Event "CZE-ch Youth G10-G12-G14 2022"]
[Site "Luhacovice"]
[Date "2022.03.16"]
[Round "6.18"]
[White "Stavova, Lucie"]
[Black "Barteckova, Valerie"]
[Result "1/2-1/2"]
[ECO "B19"]
[WhiteElo "1048"]
[BlackElo "1250"]
[Annotator "NA"]
[PlyCount "60"]
[EventDate "2022.03.12"]
[EventType "swiss"]
[EventCountry "CZE"]
[SourceTitle "playchess.com"]
[Source "ChessBase"]
[SourceQuality "1"]
[TimeControl "40/5400+30:1800+30"]

1. e4 c6 2. d4 d5 3. Nc3 dxe4 4. Nxe4 Bf5 5. Ng3 Bg6 6. h4 h6 7. h5 Bh7 8. Nf3 Nd7 9. Bd3 Bxd3 10. Qxd3 Qc7 11. Bd2 Ngf6 12. O-O-O e6 13. Qe2 O-O-O 14. Ne5 Nxe5 15. dxe5 Nd5 16. f4 Qb6 17. Ne4 Qc7 18. c3 Be7 19. a3 Kb8 20. c4 Nb6 21. Ba5 Rxd1+ 22. Rxd1 Qc8 23. Kb1 Nd7 24. g4 Nc5 25. Bc3 Nxe4 26. Qxe4 Qc7 27. Ka2 Ka8 28. b3 Qc8 29. b4 Qc7 30. Rc1 Qd7 1/2-1/2